 Dungeon Crawl Stone Soup version 0.26-a0-800-g517d6fe721 (webtiles) character file.

Game seed: 16569911343203011522

5014 Murumi the Thrower (level 10, -2/106 HPs)
             Began as an Ogre Conjurer on Nov 11, 2020.
             Was a High Priest of Okawaru.
             Slain by a cyan ugly thing (16 damage)
             ... on level 8 of the Dungeon.
             The game lasted 00:45:12 (12137 turns).

Murumi the Thrower (Ogre Conjurer)                 Turns: 12137, Time: 00:45:12

Health: -2/106     AC:  5    Str: 16    XL:     10   Next: 54%
Magic:  12/14      EV: 10    Int: 19    God:    Okawaru [*****.]
Gold:   519        SH:  0    Dex:  7    Spells: 12/15 levels left

rFire    + . .     SeeInvis .   d - +2 whip (flame)
rCold    . . .     Faith    +   (no shield)
rNeg     . . .     Spirit   .   a - +0 robe
rPois    .         Reflect  .   H - +2 hat
rElec    .         Harm     .   (no cloak)
rCorr    .         Rampage  .   (gloves unavailable)
MR       +....                  (boots unavailable)
Stlth    +++.......             F - amulet of faith
HPRegen  0.27/turn              s - ring of protection from fire
MPRegen  0.14/turn              n - ring of stealth

@: no status effects
A: large, unfitting armour, tough skin 1
a: Heroism, Finesse, Renounce Religion


You were on level 8 of the Dungeon.
You worshipped Okawaru.
Okawaru was extremely pleased with you.
You visited 1 branch of the dungeon, and saw 8 of its levels.

You collected 519 gold pieces.

Inventory:

Hand Weapons
 d - a +2 whip of flaming (weapon)
 l - a +1 whip
 B - a +0 flail
 E - a +0 giant spiked club
Missiles
 b - 19 poisoned darts (quivered)
 f - 240 stones
 z - 13 boomerangs
Armour
 a - a +0 robe (worn)
 H - a +2 hat (worn)
Jewellery
 j - an uncursed ring of flight
 n - a ring of stealth (right hand)
 s - a ring of protection from fire (left hand)
 F - an amulet of faith (around neck)
Wands
 k - a wand of random effects (26)
 y - a wand of acid (12)
Scrolls
 c - a scroll of blinking
 g - 2 scrolls of teleportation
 p - a scroll of fog
 q - 2 scrolls of fear
 u - 3 scrolls of magic mapping
 w - a scroll of remove curse
 A - 2 scrolls of amnesia
Potions
 e - a potion of curing
 h - a potion of mutation
 i - a potion of haste
 o - a potion of might
 r - a potion of heal wounds
 t - 2 potions of brilliance
 v - a potion of berserk rage
 x - a potion of resistance
 C - a potion of ambrosia {unknown}
 D - 2 potions of magic
 G - a potion of flight {unknown}


   Skills:
 + Level 8.6 Fighting
 - Level 8.0 Maces & Flails
 - Level 9.0 Throwing
 - Level 4.0 Dodging
 - Level 2.0 Stealth
 - Level 3.0 Spellcasting
 - Level 4.0 Conjurations
 - Level 2.0 Invocations
 - Level 1.0 Evocations


You had 12 spell levels left.
You knew the following spells:

 Your Spells              Type           Power        Failure   Level
a - Magic Dart            Conj           ###.         3%          1
b - Searing Ray           Conj           ###...       4%          2

Your spell library contained the following spells:

 Spells                   Type           Power        Failure   Level
 Dazzling Flash           Conj/Hex       ##....       21%         3
 Fulminant Prism          Conj/Hex       ##........   54%         4
 Iskenderun's Mystic Bla  Conj/Tloc      ##......     54%         4


Dungeon Overview and Level Annotations

Branches:
Dungeon (8/15)             Temple (0/1) D:7
   Lair: D:8-11

Altars:
Elyvilon
Fedhas
Gozag
Hepliaklqana
Makhleb
Nemelex Xobeh
Okawaru
Sif Muna
Uskayaw
Vehumet
Xom
Yredelemnul
Zin

Annotations:
D:8 Grum


Innate Abilities, Weirdness & Mutations

You are too large for most types of armour.
You have tough skin. (AC +1)


Message History

Confirm with . or Enter, or press ? or * to list all spells.
Press: ? - help, Shift-Dir - straight line, f/p - bullfrog
Aim: a bullfrog (moderately wounded)
The searing ray misses the cyan ugly thing.
The searing ray hits the bullfrog.
The bullfrog is severely wounded. (Press . to maintain the ray.)
The cyan ugly thing bites you. The cyan ugly thing shocks you!
The searing ray misses the cyan ugly thing.
The searing ray misses the bullfrog.
The cyan ugly thing bites you!
* * * LOW HITPOINT WARNING * * *
The cyan ugly thing shocks you!
* * * LOW HITPOINT WARNING * * *
Unknown command.
The cyan ugly thing barely misses you.
You feel like a meek peon again. The cyan ugly thing bites you.
* * * LOW HITPOINT WARNING * * *
The cyan ugly thing shocks you!
You die...

.....##.#...###.####........#.#..
###...#.###..##.######...####(###
##..#.####......####..#####.#
#............#...........#.##
##........##########..###....#
#...##...## ###†..# ##.#.#
#..##....# ####....#####.#.##
#.....########.uF.##.#...F.#..#
##...######....@#####.#F######.#
##....#......##### #..#.# #..
......#.###### #....# ##.
...##.#.# ##..### #. .####.#.#
####.[## #. ## #...# #.....# #.
#####..## ##.#.#.# #. ...>#..#
###......# #. ###....#####
#.....#.## #.


You could see a cyan ugly thing and a bullfrog.

Vanquished Creatures
  A hydra (D:6)
  Pikel (D:4)
  Sigmund (D:3)
  5 yaks
  A steam dragon (D:7)
  Menkaure (D:7)
  2 ice beasts
  2 orc warriors (D:6)
  A sky beast (D:8)
  A necrophage (D:8)
  3 wolves (D:8)
  4 ogres
  2 lemures (D:4)
  2 bullfrogs
  3 scorpions
  3 wights (D:7)
  A bullfrog zombie (D:7)
  3 jellies
  4 hounds (D:7)
  2 iguanas
  5 orc priests
  A centaur skeleton (D:6)
  4 orc wizards
  3 iron imps (D:8)
  3 worker ants
  The ghost of Perttuleena the Sneak, a weakling HODe (D:5)
  A hound zombie (D:6)
  A hound skeleton (D:6)
  Robin (D:4)
  3 gnolls (D:4)
  6 adders
  A howler monkey skeleton (D:7)
  3 shadow imps
  3 white imps
  An ufetubus (D:8)
  An adder skeleton (D:7)
  An adder zombie (D:6)
  3 worms
  5 dart slugs
  5 leopard geckos
  30 orcs
  11 bats
  4 giant cockroaches
  22 goblins
  10 hobgoblins
  23 jackals
  2 quokkas
  5 ball pythons
  7 frilled lizards
  A giant cockroach zombie (D:6)
  9 kobolds
  A leopard gecko skeleton (D:6)
  A quokka zombie (D:7)
  4 rats
225 creatures vanquished.

Vanquished Creatures (others)
  An orc wizard (D:8)
  2 withered plants (D:5)
3 creatures vanquished.

Grand Total: 228 creatures vanquished

Notes
Turn   | Place    | Note
-------+----------+-------------------------------------------
     0 | D:1      | Murumi the Ogre Conjurer began the quest for the Orb.
     0 | D:1      | Reached XP level 1. HP: 16/16 MP: 3/3
   214 | D:1      | Reached XP level 2. HP: 24/24 MP: 4/6
   241 | D:1      | Learned a level 2 spell: Searing Ray
   660 | D:1      | Reached XP level 3. HP: 31/31 MP: 5/7
  1413 | D:2      | Reached skill level 1 in Throwing
  1476 | D:2      | Found a glowing silver altar of Zin.
  1476 | D:2      | Noticed an angel
  1477 | D:2      | Found a shimmering altar of Xom.
  1623 | D:2      | Reached skill level 1 in Maces & Flails
  1623 | D:2      | Reached XP level 4. HP: 17/40 MP: 2/8
  1857 | D:2      | Reached skill level 1 in Fighting
  2093 | D:2      | Found a white marble altar of Elyvilon.
  2165 | D:2      | Found a basalt altar of Yredelemnul.
  2234 | D:2      | Reached skill level 2 in Throwing
  2311 | D:2      | Found an iron altar of Okawaru.
  2323 | D:2      | Became a worshipper of Warmaster Okawaru
  3149 | D:3      | Reached XP level 5. HP: 48/48 MP: 3/9
  3529 | D:3      | Noticed Sigmund
  3544 | D:3      | Killed Sigmund
  3544 | D:3      | Reached skill level 1 in Invocations
  3544 | D:3      | Reached skill level 3 in Throwing
  3544 | D:3      | Reached XP level 6. HP: 57/57 MP: 1/10
  3636 | D:3      | Found a blossoming altar of Fedhas.
  4397 | D:4      | Reached * piety under Okawaru
  4654 | D:4      | Noticed Robin
  4667 | D:4      | Killed Robin
  4904 | D:4      | Reached skill level 4 in Throwing
  4904 | D:4      | Reached XP level 7. HP: 67/67 MP: 11/11
  5758 | D:5      | Entered Level 5 of the Dungeon
  5759 | D:5      | Noticed Pikel
  6108 | D:4      | HP: 3/67 [Pikel/+0 whip of flaming (3)]
  6109 | D:4      | Killed Pikel
  6109 | D:4      | Reached ** piety under Okawaru
  6109 | D:4      | Reached skill level 1 in Evocations
  6109 | D:4      | Reached skill level 5 in Throwing
  6109 | D:4      | Reached skill level 5 in Maces & Flails
  6109 | D:4      | Reached skill level 5 in Fighting
  6109 | D:4      | Reached XP level 8. HP: 3/80 MP: 8/12
  6517 | D:5      | Found a hazy altar of Hepliaklqana.
  6907 | D:5      | Found a hide-covered altar of Uskayaw.
  6907 | D:5      | Found a faded altar of an unknown god.
  6913 | D:5      | Found an iron altar of Okawaru.
  6915 | D:5      | Found a faded altar of an unknown god.
  6916 | D:5      | Found a shimmering blue altar of Sif Muna.
  6987 | D:5      | Found a runed translucent door.
  6987 | D:5      | Noticed Perttuleena's ghost (weakling HODe)
  7156 | D:5      | Found an opulent altar of Gozag.
  7277 | D:5      | Killed Perttuleena's ghost
  7599 | D:6      | Found a shimmering altar of Xom.
  7659 | D:6      | Reached skill level 6 in Throwing
  8023 | D:6      | Reached skill level 7 in Throwing
  8077 | D:6      | Reached *** piety under Okawaru
  8077 | D:6      | Reached XP level 9. HP: 66/88 MP: 7/13
  8277 | D:6      | Received a gift from Okawaru
  8536 | D:6      | Reached skill level 8 in Throwing
  8685 | D:6      | Noticed a seven-headed hydra
  8694 | D:6      | Killed a seven-headed hydra
  8694 | D:6      | Reached **** piety under Okawaru
  9229 | D:6      | Reached XP level 10. HP: 91/102 MP: 8/14
  9355 | D:7      | Found a radiant altar of Vehumet.
  9397 | D:7      | Reached skill level 9 in Throwing
  9792 | D:7      | Noticed Menkaure
  9805 | D:7      | Killed Menkaure
 10203 | D:7      | Reached ***** piety under Okawaru
 10401 | D:7      | Found a staircase to the Ecumenical Temple.
 10479 | D:7      | Found a sparkling altar of Nemelex Xobeh.
 10843 | D:8      | Found an opulent altar of Gozag.
 11454 | D:8      | Noticed Grum
 11864 | D:8      | Found a burning altar of Makhleb.
 12102 | D:8      | Noticed a cyan ugly thing
 12137 | D:8      | Slain by a cyan ugly thing

Illustrated notes

Levels and vault maps discovered:
D:1:      nicolae_arrival_washed_ashore, layout_rooms
D:2:      layout_basic, grunt_temple_overflow_order_and_chaos_1,
          kennysheep_ying_yang, okawaru_gym_becter
D:3:      layout_basic, nicolae_overflow_crystal_walls,
          chequers_serial_rivers_small_3, uniq_sigmund
D:4:      kennysheep_goblin_castle, layout_layer_cave
D:5:      layout_cave_pools, chequers_temple_overflow_minitemple,
          kennysheep_mini_moat, overflow_temple_1_default,
          gammafunk_ghost_grave, uniq_pikel
D:6:      kennysheep_big_flooded_room, layout_basic, basic_altar
D:7:      layout_basic, nemelex_altar_shiori, vehumet_crystals,
          minmay_temple_entry_overgrown, uniq_menkaure
D:8:      layout_rooms, demons_altar, basic_altar, grunt_decor_mini_mirrors,
          minmay_manual_mail, uniq_grum

Skill      XL: |  1  2  3  4  5  6  7  8  9 10 |
---------------+-------------------------------+-----
Spellcasting   | 3 |  3.0
Conjurations   | 4 |  4.0
Dodging        | 2 3 4 |  4.0
Stealth        | 2 |  2.0
Throwing       | 1 2 3 4 5 7 8 9 |  9.0
Maces & Flails | 1 3 5 7 8 |  8.0
Fighting       | 1 2 3 5 7 8 |  8.6
Invocations    | 1 2 |  2.0
Evocations     | 1 |  1.0

Action                   |  1- 3 |  4- 6 |  7- 9 | 10-12 || total
-------------------------+-------+-------+-------+-------++-------
Melee: Club              |    29 |    13 |       |       ||    42
       Whip              |       |     6 |    58 |   114 ||   178
Throw: Stone             |     3 |    10 |    65 |   144 ||   222
       Dart              |    12 |     8 |    30 |     8 ||    58
       Javelin           |       |       |    14 |     8 ||    22
       Boomerang         |       |       |     4 |     2 ||     6
 Cast: Magic Dart        |    91 |    97 |    27 |       ||   215
       Searing Ray       |       |    11 |    34 |    13 ||    58
Invok: Heroism           |       |       |     1 |     2 ||     3
  Use: Scroll            |     3 |     8 |    10 |     1 ||    22
       Potion            |       |       |     1 |       ||     1
 Stab: Sleeping          |       |       |     1 |       ||     1
       Distracted        |       |       |       |     1 ||     1
Armor: Robe              |    17 |     3 |    14 |    12 ||    46
Dodge: Dodged            |    31 |    19 |    53 |    47 ||   150

Table legend: (Time is in decaauts)
 A = Elapsed time spent in this place.
 B = Non-inter-level travel time spent in this place.
 C = Inter-level travel time spent in this place.
 D = Time resting spent in this place.
 E = Time spent auto-exploring this place.
 F = Levels seen in this place.
 G = Mean time per level.
                   A        B        C        D        E       F      G
               +--------+--------+--------+--------+--------+-----+--------+
         Total |  12048 |  11201 |    847 |    511 |   9252 |   8 | 1506.0 |
       Dungeon |  12048 |  11201 |    847 |    511 |   9252 |   8 | 1506.0 |
               +--------+--------+--------+--------+--------+-----+--------+

Top non-repeatable levels by time:
     D:4: 1996 daAuts
     D:7: 1963 daAuts
     D:6: 1761 daAuts
     D:3: 1615 daAuts
     D:1: 1387 daAuts
     D:2: 1382 daAuts
     D:5: 1053 daAuts
     D:8: 888 daAuts
